 Dungeon Crawl Stone Soup version 0.20.1-1-g8b1a95d (webtiles) character file.

379744 letownia2 the Executioner (level 22, -2/211 HPs)
             Began as a Deep Dwarf Necromancer on Nov 3, 2017.
             Was an Initiate of Gozag.
             Killed from afar by a lich (29 damage)
             ... with a bolt of cold
             ... on level 5 of the Vaults.
             The game lasted 02:55:47 (52388 turns).

letownia2 the Executioner (Deep Dwarf Necromancer) Turns: 52388, Time: 02:55:48

Health: -2/211     AC: 31    Str: 33    XL:     22   Next: 16%
Magic:  47/47      EV: 11    Int: 18    God:    Gozag
Gold:   2274       SH:  0    Dex: 10    Spells: 12/45 levels left

rFire    + . .     SeeInvis .   w - +8 executioner's axe (vamp)
rCold    . . .     Gourm    .   (shield currently unavailable)
rNeg     + + +     Faith    .   G - +10 plate armour "Qabygod" {MR+}
rPois    +         Spirit   .   t - +0 helmet "Werext" {+Fly Stlth+}
rElec    +         Reflect  .   c - +0 cloak of Indecent Exposure {rF+ Slay+3 Stlth+}
rCorr    +         Harm     .   Y - +1 pair of gloves of Teta {rElec rPois rCorr Str+5}
MR       ++...                  Q - -1 pair of boots of Trog's Favour {*Drain rN+ Str+8 Dex-3}
Stlth    ..........             q - amulet of magic regeneration
Regen    0.0/turn               M - ring of Inliq Osch {rCorr Slay+3}
MPRegen  0.5/turn               T - ring of Coronation {*Drain +Blink +Fly rN+ MP+9}

@: lethally poisoned (-2 -> -2), vulnerable, singing, gold aura,
non-regenerating
A: damage resistance, heal wounds, negative energy resistance 1, sense
surroundings 3, no regeneration
}: 1/15 runes: gossamer
a: Heal Wounds, Potion Petition, Call Merchant, Bribe Branch, Renounce Religion,
Evoke Blink, Evoke Flight


You were on level 5 of the Vaults.
You worshipped Gozag.
Gozag was most pleased with you.
You were not hungry.

You visited 7 branches of the dungeon, and saw 36 of its levels.
You also visited: Volcano.

You collected 18250 gold pieces.
You spent 901 gold pieces at shops.
You paid 15075 gold pieces to Gozag.

Inventory:

Hand Weapons
 a - a +2 battleaxe of freezing
 b - a +2 battleaxe of flaming
 d - the +6 arbalest "Damnation" {damnation}
   (You found it on level 4 of the Lair of Beasts)
 w - a +8 vampiric executioner's axe (weapon)
 x - a +3 triple sword of electrocution
 W - a +1 bardiche
Missiles
 j - 6 throwing nets (quivered)
 V - 1091 bolts
Armour
 c - the +0 cloak of Indecent Exposure (worn) {rF+ Slay+3 Stlth+}
   (You bought it in a shop on level 3 of the Elven Halls)

   It affects your accuracy and damage with ranged weapons and melee attacks
   (+3).
   It protects you from fire.
   It makes you more stealthy.
 t - the +0 helmet "Werext" (worn) {+Fly Stlth+}
   (You found it on level 3 of the Elven Halls)

   It lets you fly.
   It makes you more stealthy.
 D - a +3 chain mail of cold resistance
 G - the +10 plate armour "Qabygod" (worn) {MR+}
   (You found it on level 1 of the Vaults)

   It affects your resistance to hostile enchantments.
 Q - the -1 pair of boots of Trog's Favour (worn) {*Drain rN+ Str+8 Dex-3}
   (You bought it in a shop on level 2 of the Lair of Beasts)

   It affects your strength (+8).
   It affects your dexterity (-3).
   It protects you from negative energy.
   It causes draining when unequipped.
 Y - the +1 pair of gloves of Teta (worn) {rElec rPois rCorr Str+5}
   (You bought it in a shop on level 1 of the Lair of Beasts)

   It affects your strength (+5).
   It insulates you from electricity.
   It protects you from poison.
   It protects you from acid and corrosion.
Magical Staves
 e - an uncursed staff of death
Jewellery
 q - an amulet of magic regeneration (around neck)
 M - the ring of Inliq Osch (left hand) {rCorr Slay+3}
   (You took it off a deep elf archer on level 4 of the Vaults)

   [ring of resist corrosion]

   It affects your accuracy and damage with ranged weapons and melee attacks
   (+3).
 T - the ring of Coronation (right hand) {*Drain +Blink +Fly rN+ MP+9}
   (You found it on level 14 of the Dungeon)

   [ring of positive energy]

   It protects you from negative energy.
   It affects your magic capacity (+9).
   It lets you fly.
   It lets you blink.
   It causes draining when unequipped.
Wands
 y - a wand of confusion (8/48)
 A - a wand of digging (7/24)
 J - a wand of disintegration (12/24)
 R - a wand of disintegration (7/24)
 S - a wand of acid (6/15)
 U - a wand of scattershot (2/9)
 X - a wand of clouds (6/9)
Scrolls
 f - 4 scrolls of immolation
 i - 16 scrolls of identify
 m - 15 scrolls of teleportation
 r - 10 scrolls of remove curse
 B - a scroll of fog
 H - 5 scrolls of magic mapping
 O - 3 scrolls of fear
Potions
 g - 9 potions of curing
 h - 4 potions of magic
 l - 4 potions of cancellation
 n - 6 potions of heal wounds
 o - 7 potions of might
 p - a potion of invisibility
 s - a potion of ambrosia
 u - 5 potions of resistance
 v - 7 potions of haste
 z - 4 potions of flight
 E - 2 potions of agility
 K - 6 potions of lignification
 L - 2 potions of berserk rage
 N - 3 potions of mutation
 P - 2 potions of brilliance
Miscellaneous
 F - a lamp of fire
 I - a phial of floods
 Z - a fan of gales
Comestibles
 k - 6 bread rations


   Skills:
 - Level 15.5 Fighting
 + Level 25.5(25.6) Axes
   Level 2.2(16.5) Maces & Flails
 - Level 7.8 Crossbows
 - Level 12.4 Armour
 - Level 6.8 Dodging
 - Level 2.4 Stealth
 - Level 12.4 Spellcasting
 - Level 2.0 Hexes
 + Level 9.9 Charms
 - Level 17.2 Necromancy
 - Level 2.5 Translocations
 - Level 5.3 Evocations


You had 12 spell levels left.
You knew the following spells:

 Your Spells              Type           Power        Failure   Level  Hunger
a - Pain                  Necr           ####         1%          1    None
c - Conjure Flame         Conj/Fire      ##......     69%         3    None
e - Mephitic Cloud        Conj/Pois/Air  ##......     69%         3    None
i - Silence               Hex/Air        ##........   99%         5    ####...
j - Portal Projectile     Hex/Tloc       ###...       36%         3    None
l - Song of Slaying       Chrm           #####...     1%          2    None
q - Poisonous Vapours     Pois/Air       ##....       45%         2    None
r - Deflect Missiles      Chrm/Air       ####......   100%        6    ######.
t - Shroud of Golubria    Chrm/Tloc      ####......   3%          2    None
v - Vampiric Draining     Necr           ######....   1%          3    None
x - Spectral Weapon       Hex/Chrm       ####....     9%          3    None


Dungeon Overview and Level Annotations

Branches:
Dungeon (15/15)            Temple (1/1) D:4            Lair (6/6) D:9
 Shoals (0/4) Lair:2       Spider (4/4) Lair:3        Slime (0/5) Lair:6
    Orc (2/2) D:11            Elf (3/3) Orc:2        Vaults (5/5) D:14
  Crypt (0/3) Vaults:3     Depths (0/5) D:15

Altars:
Ashenzari
Cheibriados
Dithmenos
Elyvilon
Fedhas
Gozag
Hepliaklqana
Kikubaaqudgha
Makhleb
Nemelex Xobeh
Okawaru
Qazlal
Ru
Sif Muna
Trog
Uskayaw
Vehumet
Yredelemnul
Zin
The Shining One
Beogh
Jiyva

Shops:
D:4 =   D:6 =   D:10 (   D:11 [   D:12 :   D:14 [   Orc:1 **:}   Orc:2 %}==
Elf:1 *   Elf:3 *=}   Lair:1 [   Lair:2 %==[([   Vaults:1 =(   Vaults:2 (
Vaults:3 }*%

Annotations:
Lair:2 exclusion: oklob plant
Elf:2 5 runed doors
Vaults:1 2 exclusions
Vaults:5 Frederick


Innate Abilities, Weirdness & Mutations

You are resistant to damage.
You can heal yourself by infusing magical energy.
You resist negative energy. (rN+)
You passively map a large area around you.
You do not regenerate.


Message History

The fire giant is no longer distracted by gold.
The ogre is distracted by the nearby gold.
The tormentor calls on the powers of darkness!
Your body is wracked with pain!
The ogre mage convulses!
The tengu reaver convulses!
The fire giant convulses!
Frederick convulses!
The vault sentinel convulses!
The ironbrand convoker convulses! x2
The deep elf high priest convulses!
The orc warrior convulses!
The orc convulses!
The ogre convulses!
The ironbrand convoker points at the vault sentinel and mumbles some strange words.
The vault sentinel seems to grow stronger.
The tengu reaver hits you with a great mace!
The tengu reaver pecks you but does no damage.
The tengu reaver claws you but does no damage.
The spellforged servitor gestures at you while chanting.
The iron shot hits you!
* * * LOW HITPOINT WARNING * * *
The lich casts a spell at you. The bolt of cold hits you!
You die...
Your body crumbles into a pile of gold. ,, , #.. #....# , * , ,Oo

#....#, , , , , *
o.#....# ,. , ,,,
, * #e#.(..# .#,*,
, , , ,,
*##p#....#,..., ,
,, ,
..##...p...#...#,
,*,,*, ,,,
......$C@.(..... ,
,, * *
###.ยง$$$8...###**
* * , ,,
.......2@O......,,
, ,
,.......Q$L<....p
, , ,
........p<.*.... ,
,,, ,
................ ,
, *
*####.........###
* * *,, ,
............. ,,
####......#.#.# *
,, , #.#....#....
,, , , , , * ** ,
*


You could see Frederick, a fire giant, a tengu reaver, a lich, a spellforged
servitor, an ogre mage, 2 vault sentinels, a deep elf high priest, 2 ironbrand
convokers, a tormentor, an orc warrior, an ogre, a battlesphere and an orc.

Vanquished Creatures
  Sojobo (Vaults:4)
  Boris (Vaults:4)
  A lich (Vaults:1)
  A tentacled monstrosity (Vaults:5)
  A titan (Vaults:5)
  2 deep elf blademasters (Elf:3)
  Asterion (Spider:3)
  2 deep elf master archers (Elf:3)
  2 quicksilver dragons
  2 shadow dragons
  Roxanne (Elf:3)
  5 tengu reavers
  2 storm dragons
  2 fire giants
  4 frost giants
  5 ghost moths
  6 deep elf sorcerers
  An iron dragon (Vaults:5)
  4 emperor scorpions
  An orc warlord (Orc:2)
  15 vault wardens
  3 deep elf elementalists (Elf:3)
  18 ironheart preservers
  10 stone giants
  A very ugly thing (Vaults:5)
  6 entropy weavers
  2 vampire knights
  8 deep elf demonologists
  3 spark wasps
  10 deep elf annihilators
  10 deep elf death magi
  6 ettins
  4 fire dragons
  9 yaktaur captains
  3 deep elf high priests
  Erolcha (D:10)
  4 great orbs of eyes (Vaults:3)
  7 hydras
  2 rakshasas
  6 ice dragons
  27 vault guards
  7 centaur warriors
  37 two-headed ogres
  3 deep troll shamans
  2 death knights
  3 death yaks (Lair:5)
  A queen ant (Spider:3)
  10 ogre magi
  A two-headed ogre (shapeshifter) (Vaults:4)
  Urug (D:13)
  7 orc high priests
  19 deep elf knights
  A fire crab (Volcano)
  6 skeletal warriors
  20 deep elf archers
  A flayed ghost (Vaults:4)
  22 deep trolls
  6 phantasmal warriors
  5 wizards
  3 unseen horrors
  A wolf spider zombie (D:15)
  15 orb spiders
  18 ironbrand convokers
  A necromancer (Vaults:2)
  A lindwurm (Volcano)
  2 glowing orange brains
  13 harpies
  14 orc knights
  22 ugly things
  36 wolf spiders
  87 deep elf magi
  A faun (shapeshifter) (Vaults:4)
  6 orc sorcerers
  2 manticores
  A cyclops (shapeshifter) (Vaults:5)
  3 cyclopes
  6 moths of wrath
  20 vault sentinels
  A water nymph (shapeshifter) (Elf:3)
  6 elephants (Lair:6)
  6 black mambas
  A torpor snail (Spider:2)
  A gargoyle (D:14)
  A torpor snail (shapeshifter) (D:13)
  14 spiny frogs
  11 demonic crawlers
  5 freezing wraiths
  A rime drake (Lair:2)
  6 komodo dragons
  31 yaktaurs
  5 polar bears (Lair:6)
  13 trolls
  A yaktaur (shapeshifter) (Vaults:2)
  A tengu conjurer (D:14)
  18 hornets
  3 meliai (D:14)
  44 jumping spiders
  23 blink frogs
  18 slime creatures
  16 dream sheep
  11 hippogriffs
  A hippogriff (shapeshifter) (Vaults:4)
  A fire giant simulacrum (Vaults:2)
  A snapping turtle (shapeshifter) (D:13)
  98 redbacks
  2 shadows
  24 tarantellas
  4 wyverns
  13 spriggans
  5 water elementals
  9 wraiths
  52 yaks
  4 vampires
  2 fire bats (Volcano)
  6 basilisks
  A fire elemental (Elf:3)
  A human (shapeshifter) (Vaults:4)
  A hog (shapeshifter) (Vaults:1)
  6 hungry ghosts
  2 steam dragons (Volcano)
  9 wargs
  14 soldier ants (Spider:3)
  2 acid dragons
  3 hell hounds (Volcano)
  12 water moccasins
  A porcupine (shapeshifter) (Vaults:1)
  10 porcupines
  71 orc warriors
  An eye of draining (shapeshifter) (D:14)
  2 necrophages
  An ice beast (D:11)
  7 phantoms
  3 sky beasts
  39 ogres
  2 black bears
  20 wolves
  12 boggarts
  19 centaurs
  16 crocodiles
  5 big kobolds (D:11)
  21 bullfrogs
  An earth elemental (Elf:2)
  A gnoll sergeant (D:9)
  4 scorpions
  A troll zombie (D:11)
  3 wights (D:7)
  An electric eel (Spider:4)
  2 howler monkeys (D:13)
  5 crimson imps
  A centaur zombie (D:5)
  2 quasits (D:10)
  A bullfrog zombie (D:8)
  2 jellies
  29 orc wizards
  42 orc priests
  9 hounds
  6 bullfrog skeletons
  2 centaur skeletons
  5 iguanas
  24 worker ants
  7 ogre zombies (D:11)
  2 hound skeletons
  A worker ant zombie (D:8)
  A howler monkey zombie (D:7)
  9 gnolls
  A howler monkey skeleton (D:11)
  8 adders
  5 shadow imps
  2 oozes
  2 worms
  2 dart slugs (D:1)
  5 leopard geckos
  144 orcs
  6 giant cockroaches
  7 goblins
  7 hobgoblins
  20 jackals
  20 kobolds
  5 quokkas
  A ball python (D:1)
  9 bats
  3 frilled lizards
  2 goblin skeletons (D:11)
  3 goblin zombies (D:11)
  2 hobgoblin skeletons (D:11)
  2 hobgoblin zombies (D:11)
  A jackal skeleton (D:6)
  An orc skeleton (D:11)
  15 orc zombies (D:11)
  5 rats
  A bush (Lair:6)
  A fungus (Lair:6)
  3 plants (Lair:6)
1788 creatures vanquished.

Vanquished Creatures (others)
  A tengu reaver (Vaults:4)
  A deep elf sorcerer (Elf:1)
  13 dancing weapons
  An orc sorcerer (Orc:2)
  A redback (Spider:3)
  An orc warrior (Vaults:5)
  An ogre (Vaults:3)
  An orc priest (Vaults:3)
  An orc (Vaults:5)
  4 fungi
  14 plants
39 creatures vanquished.

Grand Total: 1827 creatures vanquished

Notes
Turn   | Place    | Note
-------+----------+-------------------------------------------
     0 | D:1      | letownia2 the Deep Dwarf Necromancer began the quest for the Orb.
     0 | D:1      | Reached XP level 1. HP: 15/15 MP: 3/3
   316 | D:1      | Reached XP level 2. HP: 19/22 MP: 1/5
   843 | D:3      | Reached XP level 3. HP: 20/28 MP: 4/6
   845 | D:3      | Reached skill level 5 in Necromancy
   850 | D:3      | Learned a level 3 spell: Vampiric Draining
   961 | D:4      | Found an iron altar of Okawaru.
  1071 | D:4      | Found Kamaguy's Jewellery Boutique.
  1243 | D:4      | Found a staircase to the Ecumenical Temple.
  1246 | D:4      | Noticed a phantom
  1253 | Temple   | Entered the Ecumenical Temple
  1362 | Temple   | Became a worshipper of Gozag Ym Sagoz the Greedy
  1875 | D:2      | Reached XP level 4. HP: 31/36 MP: 0/8
  1886 | D:2      | Found a hazy altar of Hepliaklqana.
  1922 | D:2      | Found a glowing golden altar of the Shining One.
  1945 | D:2      | Found a sparkling altar of Nemelex Xobeh.
  2420 | D:3      | Found a sacrificial altar of Ru.
  2531 | D:3      | Found a faded altar of an unknown god.
  2659 | D:3      | Found a blossoming altar of Fedhas.
  2940 | D:4      | Found an ancient bone altar of Kikubaaqudgha.
  3069 | D:4      | Reached XP level 5. HP: 31/42 MP: 9/9
  4024 | D:5      | Entered Level 5 of the Dungeon
  4162 | D:5      | Reached skill level 1 in Fighting
  4162 | D:5      | Reached skill level 1 in Maces & Flails
  4162 | D:5      | Reached XP level 6. HP: 37/51 MP: 10/10
  4168 | D:5      | Noticed a sky beast
  4173 | D:5      | Killed a sky beast
  4219 | D:5      | Reached XP level 7. HP: 53/59 MP: 11/11
  4247 | D:5      | Reached skill level 1 in Armour
  4858 | D:6      | Reached XP level 8. HP: 49/68 MP: 0/14
  5268 | D:6      | Found a white marble altar of Elyvilon.
  5619 | D:7      | Reached skill level 5 in Spellcasting
  6139 | D:7      | You fall through a shaft!
  6187 | D:8      | Gained mutation: You passively map the area around you. [Deep Dwarf growth]
  6187 | D:8      | Reached XP level 9. HP: 67/75 MP: 16/18
  6369 | D:8      | Found a burning altar of Makhleb.
  6793 | D:9      | Reached skill level 1 in Evocations
  6910 | D:9      | Noticed a two-headed ogre
  6942 | D:9      | Killed a two-headed ogre
  6942 | D:9      | Reached skill level 5 in Evocations
  6992 | D:9      | Found a staircase to the Lair.
  7034 | D:9      | Reached XP level 10. HP: 71/83 MP: 15/22
  7559 | D:9      | Found a shadowy altar of Dithmenos.
  8013 | D:10     | Entered Level 10 of the Dungeon
  8286 | D:10     | Reached skill level 5 in Fighting
  9162 | D:11     | Reached skill level 10 in Necromancy
  9162 | D:11     | Reached XP level 11. HP: 79/98 MP: 13/24
  9235 | D:11     | Found a staircase to the Orcish Mines.
 10303 | D:11     | Noticed Erolcha
 10306 | D:10     | Paralysed by Erolcha for 6 turns
 10316 | D:10     | Killed Erolcha
 10646 | D:11     | Noticed a two-headed ogre
 10676 | D:11     | Killed a two-headed ogre
 10731 | D:11     | Noticed a two-headed hydra
 10744 | D:11     | Killed a two-headed hydra
 10853 | D:11     | Noticed a centaur warrior
 10863 | D:11     | Killed a centaur warrior
 10920 | D:11     | Found a glowing silver altar of Zin.
 11276 | Orc:1    | Entered Level 1 of the Orcish Mines
 11276 | Orc:1    | Found Mogiss's Gadget Emporium.
 11425 | Orc:1    | Reached skill level 1 in Axes
 11469 | Orc:1    | Noticed an orc high priest
 11479 | Orc:1    | Noticed a sixfirhy
 11563 | Orc:1    | Noticed a soul eater
 11574 | D:11     | Killed an orc high priest
 11574 | D:11     | Reached skill level 2 in Axes
 11577 | D:11     | Reached XP level 12. HP: 83/105 MP: 13/25
 11787 | Orc:1    | Found Putottob's Book Shoppe.
 11925 | Orc:1    | Found Vatt's Assorted Antiques.
 12224 | Orc:2    | Entered Level 2 of the Orcish Mines
 12262 | Orc:1    | Reached skill level 3 in Axes
 12331 | Orc:2    | Noticed a two-headed ogre
 12344 | Orc:2    | Killed a two-headed ogre
 12511 | Orc:2    | Reached skill level 4 in Axes
 12718 | Orc:2    | Noticed a two-headed ogre
 12733 | Orc:2    | Killed a two-headed ogre
 12733 | Orc:2    | Reached skill level 5 in Axes
 13297 | Orc:2    | Found a roughly hewn altar of Beogh.
 13310 | Orc:2    | Reached skill level 6 in Axes
 13412 | Orc:1    | Found Xuoqanao's General Store.
 13562 | Orc:2    | Found Mebi's Jewellery Emporium.
 13619 | Orc:2    | Found Efufid's Jewellery Shoppe.
 13633 | Orc:2    | Reached skill level 7 in Axes
 14207 | Lair:1   | Entered Level 1 of the Lair of Beasts
 14324 | Lair:1   | Reached skill level 8 in Axes
 14527 | Lair:1   | Noticed a six-headed hydra
 14549 | Lair:1   | Killed a six-headed hydra
 15147 | Lair:1   | Reached skill level 5 in Dodging
 15319 | Lair:2   | Found a staircase to the Shoals.
 15513 | Lair:2   | Found a dark tunnel.
 15661 | Volcano  | Entered a volcano
 15685 | Volcano  | Reached XP level 13. HP: 103/117 MP: 21/26
 15932 | Lair:2   | Reached skill level 9 in Axes
 16075 | Lair:1   | Bought a pair of distressingly furry gloves for 332 gold pieces
 16085 | Lair:1   | Identified the +1 pair of gloves of Teta {rElec rPois rCorr Str+5} (You bought it in a shop on level 1 of the Lair of Beasts)
 16158 | Lair:2   | Reached skill level 5 in Armour
 16670 | Lair:2   | Found an iron altar of Okawaru.
 17203 | Orc:2    | Reached skill level 10 in Axes
 17353 | Orc:2    | Found a staircase to the Elven Halls.
 17605 | Orc:2    | Noticed an orc warlord
 17649 | Orc:2    | Killed an orc warlord
 18140 | Orc:2    | Found a roughly hewn altar of Beogh.
 18264 | Orc:2    | Reached skill level 11 in Axes
 18314 | Orc:2    | Found Bor Ises's Food Emporium.
 18449 | Orc:2    | Found Ihywoi's Gadget Shop.
 18902 | D:12     | Found Laqouxokh's Book Shop.
 18982 | D:13     | Noticed Urug
 19919 | D:12     | Gained mutation: You resist negative energy. (rN+) [Deep Dwarf growth]
 19919 | D:12     | Reached XP level 14. HP: 125/129 MP: 9/27
 20037 | D:13     | Learned a level 2 spell: Shroud of Golubria
 20041 | D:13     | Learned a level 3 spell: Spectral Weapon
 20049 | D:13     | Killed Urug
 20051 | D:13     | Reached skill level 10 in Fighting
 20115 | D:13     | Learned a level 2 spell: Song of Slaying
 20505 | D:13     | Reached skill level 12 in Axes
 20944 | Lair:2   | Identified a scroll of acquirement
 21064 | Elf:1    | Entered Level 1 of the Elven Halls
 21322 | Elf:1    | Reached skill level 13 in Axes
 21399 | Elf:1    | Noticed a deep elf sorcerer
 21424 | Elf:1    | Killed a deep elf sorcerer
 21479 | Elf:1    | Found Cinaol's General Store.
 21657 | Lair:3   | HP: 3/131 [spiny frog (10)]
 22776 | Elf:1    | Reached skill level 14 in Axes
 23174 | Lair:2   | Bought the cursed -1 pair of boots of Trog's Favour {*Drain rN+ Str+8 Dex-3} for 189 gold pieces
 23437 | D:14     | Found a basalt altar of Yredelemnul.
 23520 | D:14     | Found Xogip's Armour Shop.
 23575 | D:14     | Reached skill level 15 in Axes
 23594 | D:14     | Noticed a vampire knight
 23792 | D:14     | Got a sparkling brass ring
 23800 | D:14     | Identified the ring of Coronation {*Drain +Blink +Fly rN+ MP+9} (You found it on level 14 of the Dungeon)
 23930 | D:14     | Found a gate to the Vaults.
 23984 | D:14     | Reached XP level 15. HP: 121/137 MP: 11/28
 24230 | D:14     | Paralysed by something for 2 turns
 24558 | D:14     | Got a bone quarterstaff
 24559 | D:14     | Identified the cursed +0 quarterstaff of Suenic {freeze, rPois MR+ MP+9 Dex+2} (You found it on level 14 of the Dungeon)
 24878 | Lair:4   | Reached skill level 16 in Axes
 25294 | Lair:5   | Got an ebony mace
 25295 | Lair:5   | Identified the +10 mace of Putrescence {protect, *Rage Str+4 Dex+3} (You found it on level 5 of the Lair of Beasts)
 25498 | Lair:6   | Entered Level 6 of the Lair of Beasts
 25618 | Lair:6   | Found a staircase to the Slime Pits.
 25618 | Lair:6   | Found a viscous altar of Jiyva.
 25687 | Lair:6   | Reached skill level 17 in Axes
 26793 | Lair:6   | Reached skill level 18 in Axes
 27891 | Elf:1    | Reached XP level 16. HP: 116/145 MP: 29/29
 28102 | Elf:1    | Identified the Handbook of Attacks
 28196 | Elf:1    | Reached skill level 19 in Axes
 28781 | Lair:3   | Found a hole to the Spider Nest.
 28888 | Spider:1 | Entered Level 1 of the Spider Nest
 28990 | Spider:1 | Reached skill level 1 in Charms
 29124 | Spider:1 | Reached skill level 1 in Translocations
 29133 | Spider:1 | Reached skill level 1 in Hexes
 29931 | Spider:2 | Reached skill level 5 in Charms
 30891 | D:12     | Reached skill level 1 in Crossbows
 31742 | Spider:3 | Reached skill level 15 in Necromancy
 32057 | Spider:3 | Noticed Asterion
 32070 | Spider:3 | Killed Asterion
 32786 | Spider:3 | Reached skill level 5 in Crossbows
 32834 | Spider:3 | Reached XP level 17. HP: 151/154 MP: 28/30
 33510 | Spider:4 | Entered Level 4 of the Spider Nest
 35418 | Spider:4 | Reached skill level 20 in Axes
 35609 | Spider:4 | Paralysed by a hornet for 2 turns
 36178 | Spider:4 | Paralysed by a hornet for 1 turns
 36184 | Spider:4 | Got a gossamer rune of Zot
 37006 | Elf:2    | Gained mutation: You passively map a large area around you. [Deep Dwarf growth]
 37006 | Elf:2    | Reached XP level 18. HP: 45/168 MP: 2/31
 37761 | Vaults:1 | Entered Level 1 of the Vaults
 37915 | D:15     | Entered Level 15 of the Dungeon
 38920 | D:15     | Found a staircase to the Depths.
 39776 | Vaults:1 | Noticed a lich
 39785 | Vaults:1 | Paralysed by a lich for 6 turns
 39797 | Vaults:1 | Killed a lich
 39810 | Vaults:1 | Got a citrine-encrusted plate armour
 39824 | Vaults:1 | Identified the +10 plate armour "Qabygod" {MR+} (You found it on level 1 of the Vaults)
 41820 | Elf:2    | Reached skill level 10 in Armour
 42384 | Elf:2    | Found a huge runed gate.
 42384 | Elf:2    | Found a huge runed gate.
 42384 | Elf:2    | Found a huge runed gate.
 42385 | Elf:2    | Found a huge runed gate.
 42386 | Elf:2    | Found a huge runed gate.
 42585 | Elf:3    | Entered Level 3 of the Elven Halls
 42695 | Elf:3    | Found Hihotwec's Assorted Antiques.
 42715 | Elf:3    | Bought a heavily runed cloak for 380 gold pieces
 42725 | Elf:3    | Identified the +0 cloak of Indecent Exposure {rF+ Slay+3 Stlth+} (You bought it in a shop on level 3 of the Elven Halls)
 42763 | Elf:3    | Found Ameq's Jewellery Shop.
 42777 | Elf:3    | Noticed Roxanne
 42958 | Elf:3    | Found Zinah's Gadget Boutique.
 43041 | Elf:3    | Reached skill level 10 in Spellcasting
 43092 | Elf:3    | Reached XP level 19. HP: 174/180 MP: 33/33
 43173 | Elf:3    | Noticed a Brimstone Fiend
 43874 | Elf:3    | Got a transparent trident {drain}
 43875 | Elf:3    | Identified the +5 trident of the Spinneret {drain, rPois} (You took it off a deep elf demonologist on level 3 of the Elven Halls)
 44166 | Elf:3    | Got an encrusted spear {pierce}
 44167 | Elf:3    | Identified the +7 spear "Owinial" {pierce, Fragile MR+ Dex+2} (You took it off a deep elf annihilator on level 3 of the Elven Halls)
 44169 | Elf:3    | Got an iridescent war axe {chop}
 44170 | Elf:3    | Identified the +8 war axe of Arbitration {chop, rElec rC- Int+3 Dex+4} (You took it off a deep elf annihilator on level 3 of the Elven Halls)
 44456 | Elf:3    | Got a bloodstained whip {freeze}
 44457 | Elf:3    | Identified the cursed +1 whip "Musabyl" {freeze, +Rage rN+ MP+9 Str+2} (You took it off a deep elf sorcerer on level 3 of the Elven Halls)
 44717 | Elf:3    | Got a twisted helmet
 44723 | Elf:3    | Identified the +0 helmet "Werext" {+Fly Stlth+} (You found it on level 3 of the Elven Halls)
 44794 | Elf:3    | Learned a level 2 spell: Poisonous Vapours
 44798 | Elf:3    | Learned a level 3 spell: Conjure Flame
 44802 | Elf:3    | Learned a level 3 spell: Mephitic Cloud
 45697 | Elf:3    | Killed Roxanne
 46104 | Lair:2   | Learned a level 6 spell: Deflect Missiles
 46110 | Lair:2   | Learned a level 5 spell: Silence
 46818 | Vaults:2 | Reached skill level 21 in Axes
 47259 | Vaults:2 | Noticed Mara
 47265 | Vaults:2 | Noticed letownia2's illusion
 47475 | Vaults:2 | Reached XP level 20. HP: 182/193 MP: 21/35
 47852 | Vaults:2 | Found Hycuiwn's Weapon Shoppe.
 48008 | Vaults:3 | Reached skill level 15 in Fighting
 48577 | Vaults:3 | Found Vaenejoh's Gadget Emporium.
 48600 | Vaults:3 | Reached skill level 22 in Axes
 48741 | Vaults:3 | Found a staircase to the Crypt.
 48778 | Vaults:3 | Found Cousigoe's General Store.
 49545 | Vaults:3 | Found Kaadib's Food Shop.
 49806 | Vaults:3 | Learned a level 3 spell: Portal Projectile
 49900 | Vaults:4 | Reached XP level 21. HP: 156/202 MP: 37/37
 49954 | Vaults:4 | Found a hazy altar of Hepliaklqana.
 49956 | Vaults:4 | Noticed Sojobo
 49970 | Vaults:4 | Killed Sojobo
 49971 | Vaults:4 | Reached skill level 23 in Axes
 50253 | Vaults:4 | Noticed Boris
 50275 | Vaults:4 | Killed Boris
 50275 | Vaults:4 | Reached skill level 24 in Axes
 50314 | Vaults:4 | Got a scintillating silver ring
 50634 | Vaults:4 | Identified the ring of Inliq Osch {rCorr Slay+3} (You took it off a deep elf archer on level 4 of the Vaults)
 51327 | Vaults:4 | Got a twitching lapis lazuli ring
 51329 | Vaults:4 | Identified the ring of Iqiosei {rN+ Slay+2} (You found it on level 4 of the Vaults)
 52075 | Vaults:5 | Entered Level 5 of the Vaults
 52075 | Vaults:5 | Noticed Frederick
 52104 | Vaults:4 | Reached skill level 25 in Axes
 52199 | Vaults:5 | Reached XP level 22. HP: 210/211 MP: 38/38
 52388 | Vaults:5 | Killed from afar by a lich

Skill      XL: |  1  2  3  4  5  6  7  8  9 10 11 12 13 14 15 16 17 18 19 20 21 |
---------------+----------------------------------------------------------------+-----
Spellcasting   | 2 3 4 6 8 9 10 11 12 | 12.4
Necromancy     | 5 6 7 8 10 13 14 15 16 17 | 17.2
Fighting       | 1 2 3 6 8 9 10 11 13 14 15 | 15.5
Maces & Flails | 1 2 |  2.2
Armour         | 2 4 7 10 12 | 12.4
Evocations     | 5 |  5.3
Axes           | 2 8 11 15 18 19 20 21 22 25 | 25.5
Dodging        | 5 6 |  6.8
Charms         | 5 6 8 9 |  9.9
Translocations | 2 |  2.5
Hexes          | 2 |  2.0
Crossbows      | 5 7 |  7.8
Stealth        | |  2.4

Action                   |  1- 3 |  4- 6 |  7- 9 | 10-12 | 13-15 | 16-18 | 19-21 | 22-24 || total
-------------------------+-------+-------+-------+-------+-------+-------+-------+-------++-------
Melee: Unarmed           |     6 |       |       |       |       |       |       |       ||     6
       Dagger            |    10 |       |       |       |       |       |       |       ||    10
       Whip              |       |    71 |   257 |   776 |       |       |       |       ||  1104
       Rapier            |       |       |       |    16 |       |       |       |       ||    16
       Flail             |       |       |       |    63 |   235 |       |       |       ||   298
       Mace              |       |       |       |     3 |    72 |       |       |       ||    75
       Hand axe          |       |       |       |       |   212 |       |       |       ||   212
       Battleaxe         |       |       |       |       |   641 |  1224 |   888 |       ||  2753
       War axe           |       |       |       |       |       |       |    10 |       ||    10
       Executioner's axe |       |       |       |       |       |       |    69 |    30 ||    99
 Fire: Shortbow          |       |       |     3 |    24 |       |       |       |       ||    27
       Arbalest          |       |       |       |       |       |    21 |       |       ||    21
Throw: Javelin           |       |       |    20 |    18 |     1 |       |       |       ||    39
       Throwing net      |       |       |       |       |       |     2 |       |       ||     2
 Cast: Pain              |    59 |    66 |    15 |     8 |    12 |     2 |       |       ||   162
       Vampiric Draining |    10 |     4 |    66 |   412 |   576 |   861 |   581 |       ||  2510
       Shroud of Golubri |       |       |       |       |       |     2 |     1 |     2 ||     5
       Song of Slaying   |       |       |       |       |       |       |     1 |     2 ||     3
Invok: Call Merchant     |       |       |     1 |     2 |     3 |     2 |     4 |       ||    12
 Abil: Evoke Berserk Rag |       |       |       |     1 |     1 |     1 |       |       ||     3
Evoke: Wand              |       |       |     1 |    31 |   101 |    42 |    15 |       ||   190
       Fan of gales      |       |       |       |       |       |     1 |       |       ||     1
  Use: Scroll            |       |       |     3 |    23 |    12 |    10 |    10 |       ||    58
       Potion            |       |       |       |       |       |     4 |       |       ||     4
 Stab: Sleeping          |     1 |       |       |       |       |       |       |       ||     1
       Confused          |       |       |       |    10 |     6 |       |     4 |       ||    20
       Distracted        |       |       |       |     2 |     9 |     7 |     9 |       ||    27
  Eat: Chunk             |     2 |       |       |       |       |       |       |       ||     2
       Royal jelly       |     1 |       |     1 |     6 |     3 |     2 |     3 |       ||    16
       Bread ration      |       |     1 |       |       |     2 |     2 |     3 |       ||     8
       Meat ration       |       |     1 |     2 |     3 |     3 |     8 |     1 |       ||    18
       Fruit             |       |       |     4 |     9 |    17 |     4 |     9 |       ||    43
Armor: Robe              |     2 |       |       |       |       |       |       |       ||     2
       Ring mail         |     7 |    37 |    15 |    99 |     1 |       |       |       ||   159
       Scale mail        |       |       |   126 |   587 |    20 |       |       |       ||   733
       Skin              |       |       |       |     3 |       |       |       |       ||     3
       Chain mail        |       |       |       |       |   949 |   280 |       |       ||  1229
       Plate armour      |       |       |       |       |       |  1388 |  1037 |    40 ||  2465
Dodge: Dodged            |    30 |    39 |   147 |   775 |   769 |   935 |   598 |    24 ||  3317
